 Dungeon Crawl Stone Soup version 0.30-a0-726-gd89dcf765f (console) character file.

Game seed: 1366575931972335484

111 Banquo the Magician (level 5, -4/38 HPs)
             Began as a Djinni Earth Elementalist on Jan 29, 2023.
             Killed from afar by an orc wizard (7 damage)
             ... with a magic dart
             ... on level 3 of the Dungeon.
             The game lasted 00:05:00 (1809 turns).

Banquo the Magician (Djinni Earth Elementalist)     Turns: 1809, Time: 00:05:00

Health: -4/38      AC:  3    Str:  7    XL:     5   Next: 15%
Gold:   102        EV: 27    Int: 19    God:
                   SH:  0    Dex: 19

rFire   + + +      SeeInvis .    o - +2 dagger (speed)
rCold   x . .      Faith    .    (no shield)
rNeg    . . .      Spirit   .    a - +0 robe
rPois   ∞          Reflect  .    h - +0 helmet
rElec   .          Harm     .    (no cloak)
rCorr   .          Rampage  .    (no gloves)
Will    .....                    (boots unavailable)
Stlth   ++                       s - amulet of the acrobat
HPRegen 0.26/turn                i - ring of protection from fire
MPRegen 0.00/turn                r - +6 ring of dexterity

@: acrobatic, flying
A: sickness immunity, fire resistance 2, cold vulnerability 1, float, innate
caster, HP casting, extra vitality 1
a: no special abilities


You were on level 3 of the Dungeon.
You visited 1 branch of the dungeon, and saw 3 of its levels.

You collected 102 gold pieces.

Inventory:

Hand Weapons
 n - a +0 spear
 o - a +2 dagger of speed (weapon)
Armour
 a - a +0 robe (worn)
 h - a +0 helmet (worn)
 k - a +0 helmet
Jewellery
 i - a ring of protection from fire (left hand)
 r - a +6 ring of dexterity (right hand)
 s - an amulet of the acrobat (around neck)
Scrolls
 c - 4 scrolls of identify {unknown}
 e - 2 scrolls of amnesia {unknown}
 f - 2 scrolls of vulnerability {unknown}
 g - a scroll of magic mapping {unknown}
 p - a scroll of enchant armour {unknown}
 q - a scroll of enchant weapon {unknown}
Potions
 b - a potion of magic
 d - a potion of haste {unknown}
 j - a potion of invisibility
 l - 2 potions of might {unknown}
 m - 3 potions of brilliance {unknown}


   Skills:
 * Level 1.7 Fighting
 - Level 2.1 Dodging
 - Level 1.5 Stealth
 + Level 3.9 Spellcasting


You couldn't memorise any spells.
You knew the following spells:

 Your Spells              Type           Power      Damage    Failure   Level
a - Sandblast             Erth           36%        2d10      2%          1
b - Momentum Strike       Conj/Tloc      36%        3d9       4%          2
c - Stone Arrow           Conj/Erth      36%        3d9       9%          3
d - Petrify               Tmut/Erth      18%        N/A       26%         4
s - Sting                 Tmut/Pois      72%        1d6       2%          1
w - Passwall              Tmut/Erth      15%        N/A       4%          2
Your spell library was empty.

Dungeon Overview and Level Annotations

Branches:
Dungeon (3/15)

Altars:
Gozag


Innate Abilities, Weirdness & Mutations

You are immune to sickness and miasma.
You are immune to poison.
Your flesh is very heat resistant. (rF++)
You are vulnerable to cold. (rC-)
You float through the air rather than walking.
You learn spells naturally, not from books.
Your magical power is your life essence.
You have superior vitality. (+4 MHP)


Message History

The orc priest closely misses you. The orc priest misses you.
Casting: Sandblast (safe; 3% risk of failure)
Confirm with . or Enter, or press ? or * to list all spells.
Aiming: Sandblast (safe; 3% risk of failure)
Press: ? - help, Shift-Dir - straight line, f/p - orc priest
Aim: an orc priest, wielding a +0 dagger and wearing a +0 leather armour (82% to hit)
The blast of sand hits the orc priest.
The orc priest is moderately wounded.
The orc priest hits you but does no damage.
The orc hits you with a +0 whip.
Casting: Sandblast (safe; 3% risk of failure)
Confirm with . or Enter, or press ? or * to list all spells.
Aiming: Sandblast (safe; 3% risk of failure)
Press: ? - help, Shift-Dir - straight line, f/p - orc priest
Aim: an orc priest, wielding a +0 dagger and wearing a +0 leather armour (moderately wounded, 82% to hit)
The blast of sand misses the orc priest.
The orc priest begins to cast a cantrip, but forgets the words!
The orc closely misses you.
The orc priest invokes the aid of Beogh against you.
Beogh smites you!
* * * LOW HITPOINT WARNING * * *
Casting: Sandblast (safe; 3% risk of failure)
Confirm with . or Enter, or press ? or * to list all spells.
Aiming: Sandblast (safe; 3% risk of failure)
Press: ? - help, Shift-Dir - straight line, f/p - orc priest
Aim: an orc priest, wielding a +0 dagger and wearing a +0 leather armour (moderately wounded, 82% to hit)
The blast of sand hits the orc priest!
You kill the orc priest!
* * * LOW HITPOINT WARNING * * *
The orc hits you with a +0 whip.
* * * LOW HITPOINT WARNING * * *
You hear some strange, mumbled words.
A puff of flame appears from out of thin air!
The puff of flame misses you.
You have reached level 5!
The power to cast Momentum Strike wells up from within.
Spell assigned to 'b'.
A magic dart appears from out of thin air!
The magic dart hits you!
You die...

###...##### #._.#..#
####....#### #...####
#####..........# #####
......{..###...##
###..##...####...## ....#
##....#.....#
....###.:##.#.....#######
.o..o...###.o..o........#
o..o.#### ##.{).@.......#
..)..### #.........<..#
.......# ##...........#
....>#.## ######......#
........# #......#
........# #......#
....##...# #......# ###..
...# ######## ##. #..#


You could see 2 orcs.

Vanquished Creatures
  An orc priest (D:3)
  4 adders
  A worm (D:2)
  An orc (D:3)
  7 endoplasms
  7 goblins
  3 hobgoblins
  A quokka (D:3)
  6 bats
  2 frilled lizards
  A kobold (D:2)
  10 rats
44 creatures vanquished.

Vanquished Creatures (others)
  3 plants (D:2)
3 creatures vanquished.

Grand Total: 47 creatures vanquished

Notes
Turn   | Place    | Note
-------+----------+-------------------------------------------
     0 | D:1      | Banquo the Djinni Earth Elementalist began the quest for
                  | the Orb.
     0 | D:1      | Banquo set off with the following spells memorised:
                  | Sandblast, Passwall, Stone Arrow, Petrify.
     0 | D:1      | Reached XP level 1. HP: 15/15 MP: 0/0
    42 | D:1      | You are sucked into a shaft and drop 1 floor!
    56 | D:2      | Found a faded altar of an unknown god.
   155 | D:1      | Reached XP level 2. HP: 21/22 MP: 0/0
   901 | D:2      | Reached skill level 3 in Spellcasting
   901 | D:2      | Reached XP level 3. HP: 25/26 MP: 0/0
   901 | D:2      | Learned a level 1 spell: Sting
   987 | D:2      | Reached skill level 1 in Fighting
  1497 | D:3      | Reached XP level 4. HP: 30/32 MP: 0/0
  1525 | D:3      | Found an opulent altar of Gozag.
  1809 | D:3      | Reached XP level 5. HP: 3/38 MP: 0/0
  1809 | D:3      | Learned a level 2 spell: Momentum Strike
  1809 | D:3      | Killed from afar by an orc wizard

Illustrated notes

Levels and vault maps discovered:
D:1:      psy_arrival_statuary, layout_basic, minmay_tall_x
D:2:      layout_loops_ring, shapermc_ecumenical_altar_mp_highgroup,
          serial_bayou_pond_a, nicolae_eternal_life, bh_walls_and_bars
D:3:      layout_rooms, mainiacjoe_overflow_big_doors, minivault_23,
          minmay_randomly_rotated_circles

Skill      XL: |  1  2  3 |
---------------+----------+-----
Spellcasting   | 3 |  3.9
Fighting       | 1 |  1.7
Dodging        | |  2.1
Stealth        | |  1.5

Action                     |  1- 3 |  4- 6 || total
---------------------------+-------+-------++-------
   Cast: Sandblast         |    41 |    25 ||    66
 Armour: Robe              |     1 |     1 ||     2
  Dodge: Dodged            |    11 |     9 ||    20

Table legend: (Time is in decaauts)
 A = Elapsed time spent in this place.
 B = Non-inter-level travel time spent in this place.
 C = Inter-level travel time spent in this place.
 D = Time resting spent in this place.
 E = Time spent auto-exploring this place.
 F = Levels seen in this place.
 G = Mean time per level.
                   A        B        C        D        E       F      G
               +--------+--------+--------+--------+--------+-----+--------+
         Total |   1841 |   1719 |    122 |      6 |   1314 |   3 |  613.7 |
       Dungeon |   1841 |   1719 |    122 |      6 |   1314 |   3 |  613.7 |
               +--------+--------+--------+--------+--------+-----+--------+

Top non-repeatable levels by time:
     D:2: 862 daAuts
     D:1: 672 daAuts
     D:3: 306 daAuts
